 Dungeon Crawl Stone Soup version 0.27-a0-1232-gc6a4cbde82 (webtiles) character file.

Game seed: 2551388387503562643

81 ZappyNine the Sneak (level 4, -2/35 HPs)
             Began as a Vampire Fighter on June 8, 2021.
             Slain by a black bear (5 damage)
             ... on level 3 of the Dungeon.
             The game lasted 00:02:05 (2092 turns).

ZappyNine the Sneak (Vampire Fighter)               Turns: 2092, Time: 00:02:06

Health: -2/35      AC:  6    Str: 15    XL:     4   Next: 20%
Magic:  4/4        EV:  6    Int: 10    God:
Gold:   113        SH:  9    Dex: 14    Spells: 3/3 levels left

rFire    . . .     SeeInvis +   a - +1 rapier
rCold    . . .     Faith    .   c - +1 kite shield
rNeg     . . .     Spirit   .   b - +0 scale mail
rPois    .         Reflect  .   (no helmet)
rElec    .         Harm     .   (no cloak)
rCorr    .         Rampage  .   (no gloves)
Will     .....                  (no boots)
Stlth    +.........             (no amulet)
HPRegen  0.31/turn              (no ring)
MPRegen  0.09/turn              (no ring)

@: healing quickly
A: alive, fangs 3, see invisible, vampiric 2
a: Exsanguinate


You were on level 3 of the Dungeon.
You visited 1 branch of the dungeon, and saw 3 of its levels.

You collected 113 gold pieces.

Inventory:

Hand Weapons
 a - a +1 rapier (weapon)
Armour
 b - a +0 scale mail (worn)
 c - a +1 kite shield (worn)
Jewellery
 f - a ring of see invisible
Scrolls
 e - a scroll of identify
Potions
 d - a potion of might
 g - a potion of mutation {unknown}
 j - a potion of magic
 l - a potion of heal wounds {unknown}
 m - a potion of curing {unknown}


   Skills:
 + Level 3.2 Fighting
 + Level 3.0 Short Blades
 - Level 2.4 Armour
 * Level 4.3 Stealth
 - Level 2.6 Shields


You had 3 spell levels left.
You didn't know any spells.
Your spell library contained the following spells:

 Spells                   Type           Power      Damage    Failure   Level
 Magic Dart               Conj           0%         1d3       100%        1
 Blink                    Tloc           N/A        N/A       100%        2
 Call Imp                 Summ           0%         N/A       100%        2
 Slow                     Hex            0%         N/A       100%        2
 Conjure Flame            Conj/Fire      0%         6-21      100%        3
 Mephitic Cloud           Conj/Pois/Air  0%         N/A       100%        3


Dungeon Overview and Level Annotations

Branches:
Dungeon (3/15)

Altars:


Innate Abilities, Weirdness & Mutations

Your natural rate of healing is accelerated.
You have razor-sharp teeth.
You have supernaturally acute eyesight. (SInv)
You are afflicted with vampirism and can become a bat while bloodless.


Message History

The black bear is heavily wounded.
You block the black bear's attack.
The black bear claws you but does no damage.
You block the black bear's attack.
Unknown command.
You hit the black bear.
The black bear is severely wounded.
You block the black bear's attack.
The black bear claws you but does no damage.
The black bear claws you.
Unknown command.
Unknown command.
You closely miss the black bear.
You bite the black bear, but do no damage.
The black bear is severely wounded.
The black bear bites you. The black bear barely misses you.
The black bear claws you but does no damage.
You block the black bear's attack. The black bear claws you.
The black bear barely misses you.
You barely miss the black bear.
The black bear is severely wounded.
You block the black bear's attack. The black bear claws you. x2
Unknown command.
You hit the black bear.
The black bear is severely wounded.
The black bear goes berserk!
You puncture the black bear! Your bite misses the black bear.
The black bear is almost dead.
You block the black bear's attack. The black bear barely misses you.
The black bear completely misses you. The black bear bites you!
The black bear claws you.
* * * LOW HITPOINT WARNING * * *
You block the black bear's attack.
You hit the black bear.
The black bear is almost dead.
You block the black bear's attack. The black bear claws you.
* * * LOW HITPOINT WARNING * * *
You block the black bear's attack. The black bear barely misses you.
The black bear claws you.
You die...

#.# #.# #.# #.#####
#.# ##.....# #.#
##....# # #.#
##.....#.### #.#
#...⌠....... #.#
####..≈≈≈...##
#.####.....≈≈≈......
#...@hb#...≈≈≈..####
#########..≈≈≈..#
#.......# ##.....##
#######


You could see a black bear (berserk) and a bat.

Vanquished Creatures
  2 adders
  A worm (D:2)
  A dart slug (D:2)
  An orc (D:3)
  4 ball pythons (D:2)
  3 bats
  4 endoplasms
  5 giant cockroaches
  2 goblins
  7 hobgoblins
  8 jackals (D:2)
  2 quokkas
  4 frilled lizards
  6 kobolds
  A rat (D:1)
51 creatures vanquished.

Notes
Turn   | Place    | Note
-------+----------+-------------------------------------------
     0 | D:1      | ZappyNine the Vampire Fighter began the quest for the Orb.
     0 | D:1      | Reached XP level 1. HP: 17/17 MP: 1/1
    50 | D:1      | Reached skill level 1 in Stealth
   141 | D:1      | Reached XP level 2. HP: 23/23 MP: 2/2
   252 | D:1      | Reached skill level 2 in Stealth
  1106 | D:2      | Reached skill level 3 in Stealth
  1109 | D:2      | Gained mutation: You are afflicted with vampirism and can
                  | become a bat while bloodless. [Vampire growth]
  1109 | D:2      | Reached XP level 3. HP: 28/29 MP: 3/3
  1280 | D:2      | Found a faded altar of an unknown god.
  1667 | D:2      | Reached skill level 4 in Stealth
  1955 | D:3      | Reached XP level 4. HP: 24/35 MP: 4/4
  2069 | D:3      | Noticed a black bear
  2092 | D:3      | Slain by a black bear

Illustrated notes

Levels and vault maps discovered:
D:1:      minmay_arrival_open_corners, layout_basic
D:2:      layout_loops_corners, hellmonk_ecumenical_altar_blasted
D:3:      layout_loops_ring, nemelex_spade_bored_becter,
          lightli_sewer_entry_pipes, grunt_ministairs_11,
          chequers_serial_rivers_small_3, minmay_crystal_water,
          serial_park_tiny_pond, uniq_purgy

Skill      XL: |  1  2  3 |
---------------+----------+-----
Stealth        | 1 3 4 |  4.3
Fighting       | 3 |  3.2
Short Blades   | 3 |  3.0
Armour         | |  2.4
Shields        | |  2.6

Action                   |  1- 3 |  4- 6 || total
-------------------------+-------+-------++-------
Melee: Rapier            |   161 |    18 ||   179
       Bite              |    18 |     4 ||    22
  Use: Scroll            |     4 |       ||     4
Armor: Scale mail        |    88 |    19 ||   107
Dodge: Dodged            |    43 |    10 ||    53
Block: Kite shield       |    78 |    19 ||    97

Table legend: (Time is in decaauts)
 A = Elapsed time spent in this place.
 B = Non-inter-level travel time spent in this place.
 C = Inter-level travel time spent in this place.
 D = Time resting spent in this place.
 E = Time spent auto-exploring this place.
 F = Levels seen in this place.
 G = Mean time per level.
                   A        B        C        D        E       F      G
               +--------+--------+--------+--------+--------+-----+--------+
         Total |   2148 |   2068 |     80 |      0 |   1691 |   3 |  716.0 |
       Dungeon |   2148 |   2068 |     80 |      0 |   1691 |   3 |  716.0 |
               +--------+--------+--------+--------+--------+-----+--------+

Top non-repeatable levels by time:
     D:2: 1054 daAuts
     D:1: 929 daAuts
     D:3: 165 daAuts
